 Dungeon Crawl Stone Soup version 0.30.1-11-g7821555f0a (webtiles) character file.

Game seed: 5173743116090545966

9 Winsalot the Cudgeller (level 2, -2/29 HPs)
             Began as a Gnoll Chaos Knight on Nov 12, 2023.
             Was a Plaything of Xom.
             Blown up by a faun (glowing shapeshifter) (31 damage)
             ... with a wavering orb of destruction
             ... on level 1 of the Dungeon.
             The game lasted 00:00:21 (265 turns).

Winsalot the Cudgeller (Gnoll Chaos Knight)          Turns: 265, Time: 00:00:22

Health: -2/29      AC:  5    Str: 11    XL:     2   Next: 16%
Magic:  2/2        EV: 11    Int: 11    God:    Xom [..*...]
Gold:   23         SH:  0    Dex: 11    Spells: 1/1 levels left

rFire   . . .        a - +0 mace (chaos)
rCold   . . .        (no shield)
rNeg    . . .        b - +2 leather armour
rPois   .            (no helmet)
rElec   .            (no cloak)
rCorr   .            (no gloves)
SInv    .            (no boots)
Will    .....        (no amulet)
Stlth   +            (no ring)
HPRegen 0.24/turn    (no ring)
MPRegen 0.08/turn

%: no passive effects
@: no status effects
A: fangs 1, strong nose, distributed training
a: Renounce Religion


You were on level 1 of the Dungeon.
You worshipped Xom.
You were a toy of Xom.
You visited 1 branch of the dungeon, and saw 1 of its levels.

You collected 23 gold pieces.

Inventory:

Hand Weapons
 a - a +0 mace of chaos (weapon)
Armour
 b - a +2 leather armour (worn)
Scrolls
 d - a scroll of poison {unknown}
 e - a scroll of enchant armour {unknown}
 f - 3 scrolls of teleportation {unknown}
 g - a scroll of silence {unknown}
 i - a scroll of acquirement {unknown}
 j - a scroll of enchant weapon {unknown}
Potions
 h - a potion of heal wounds {unknown}
Miscellaneous
 c - a piece from Xom's chessboard (15/15) (quivered)


   Skills:
 + Level 6.4 Fighting
 + Level 0.3 Short Blades
 + Level 0.3 Long Blades
 + Level 0.3 Axes
 + Level 6.4 Maces & Flails
 + Level 0.3 Polearms
 + Level 0.3 Staves
 + Level 0.3 Ranged Weapons
 + Level 0.3 Throwing
 + Level 4.4 Armour
 + Level 2.4 Dodging
 + Level 0.3 Stealth
 + Level 0.3 Shields
 + Level 0.3 Unarmed Combat
 + Level 0.3 Spellcasting
 + Level 0.2 Conjurations
 + Level 0.2 Hexes
 + Level 0.2 Summonings
 + Level 0.2 Necromancy
 + Level 0.2 Translocations
 + Level 0.2 Transmutations
 + Level 0.2 Fire Magic
 + Level 0.2 Ice Magic
 + Level 0.2 Air Magic
 + Level 0.2 Earth Magic
 + Level 0.2 Poison Magic
 + Level 0.4 Invocations
 + Level 0.3 Evocations


You had one spell level left.
You didn't know any spells.
Your spell library contained the following spells:

 Spells                   Type           Power      Damage    Failure   Level
 Freeze                   Ice            0%         1d3       38%         1
 Frozen Ramparts          Ice            0%         1d1       77%         3
 Hailstorm                Conj/Ice       0%         3d3       77%         3


Dungeon Overview and Level Annotations

Branches:
Dungeon (1/15)

Altars:


Innate Abilities, Weirdness & Mutations

You have very sharp teeth.
Your uncanny sense of smell can sniff out nearby items.
Your experience applies equally to all skills.


Message History

The ball python bites you but does no damage.
The ball python constricts you.
You hit the ball python. You freeze the ball python.
You kill the ball python!
The kobold barely misses you.
You sock the kobold!
You kill the kobold!
No target in view!
No target in view!
You see here a ball python corpse.
Things that are here:
a +0 whip; a stone; a kobold corpse
f - 3 scrolls labelled NIAXEEBL ELAMM (gained 1)
A ball python comes into view.
A ball python is nearby!
A ball python is nearby!
The ball python hisses angrily.
No target in view!
No target in view!
No target in view!
The ball python bites you but does no damage.
The ball python grabs you. The ball python constricts you.
You see here a scroll labelled XOFOPN ACOQOMM.
You hit the ball python but do no damage.
The glowing shapeshifter loses its grip on you.
The ball python changes into a glowing shapeshifter!
The glowing shapeshifter changes into an orb spider!
You barely miss the orb spider. Your bite misses the orb spider.
The orb spider pulsates with a strange energy.
You hit the orb spider. You freeze the orb spider.
The orb spider is lightly wounded.
You hit the orb spider. You freeze the orb spider.
The orb spider is lightly wounded.
The orb spider weaves a glowing orb of energy.
An orb of destruction comes into view.
The orb spider changes into a faun!
The wavering orb of destruction hits you!!
Ouch! That really hurt!
You die...
Xom bursts into laughter!

#. ##.............##.. ..
#..............##.... ∆
......####.......####....
..#########..#......
#.... .##
#........#.####...... #.
####..........# #.......
............... ........
#....c....## ##......
#...@☼..# .......
######.##.# . .#.#...
#.....?##.# ...##.....
#.........## ##......##
#......................
#......############...†
#......# #.... #......#
#.... ###.###### #....


You could see a faun shaped shifter.

Vanquished Creatures
  2 endoplasms (D:1)
  A hobgoblin (D:1)
  2 ball pythons (D:1)
  A bat (D:1)
  A frilled lizard (D:1)
  2 kobolds (D:1)
  A rat (D:1)
10 creatures vanquished.

Notes
Turn   | Place    | Note
-------+----------+-------------------------------------------
     0 | D:1      | Winsalot the Gnoll Chaos Knight began the quest for the
                  | Orb.
     0 | D:1      | Reached XP level 1. HP: 23/23 MP: 1/1
   152 | D:1      | Reached XP level 2. HP: 29/29 MP: 2/2
   260 | D:1      | a ball python changed into a glowing shapeshifter
   260 | D:1      | Noticed a glowing shapeshifter (glowing shapeshifter)
   260 | D:1      | a glowing shapeshifter changed into an orb spider
   260 | D:1      | Noticed an orb spider (glowing shapeshifter)
   265 | D:1      | an orb spider changed into a faun
   265 | D:1      | Noticed a faun (glowing shapeshifter)
   265 | D:1      | Blown up by a faun (glowing shapeshifter)

Illustrated notes

Levels and vault maps discovered:
D:1:      kennysheep_arrival_forest, layout_rooms,
          shapermc_ecumenical_altar_mp_vishouse

Action                     || total
---------------------------++-------
  Melee: Mace              ||    27
         Bite              ||     1
 Armour: Leather armour    ||    10
  Dodge: Dodged            ||    14
